 Dungeon Crawl Stone Soup version 0.29.1 (webtiles) character file.

Game seed: 12470871241067641796

2365 jamesp the Destroyer (level 9, 0/65 (71) HPs)
             Began as a Grey Draconian Conjurer on Sept 12, 2022.
             Was an Initiate of Vehumet.
             Slain by a wight
             ... wielding a +4 morningstar of freezing
              (2 damage)
             ... on level 6 of the Dungeon.
             The game lasted 00:30:43 (10178 turns).

jamesp the Destroyer (Grey Draconian Conjurer)     Turns: 10178, Time: 00:30:44

HP:   0/65 (71)     AC: 12    Str: 18    XL:     9   Next: 21%
MP:   17/18         EV: 27    Int: 26    God:    Vehumet [......]
Gold: 233           SH:  0    Dex: 10    Spells: 14/20 levels left

rFire   . . .      SeeInvis .   s - +2 short sword (holy)
rCold   . . .      Faith    .   (no shield)
rNeg    . . .      Spirit   .   (body armour unavailable)
rPois   .          Reflect  .   C - +0 hat
rElec   .          Harm     .   (no cloak)
rCorr   .          Rampage  .   (no gloves)
Will    .....                   (no boots)
Stlth   ++........              n - amulet of the acrobat
HPRegen 0.20/turn               l - +6 ring of intelligence
MPRegen 0.16/turn               t - +6 ring of strength

@: acrobatic, slowed, drained, very slow
A: AC +12, amphibious, unfitting armour, cold-blooded
a: Renounce Religion


You were on level 6 of the Dungeon.
You worshipped Vehumet.
Vehumet was noncommittal.
You visited 2 branches of the dungeon, and saw 7 of its levels.

You collected 233 gold pieces.

Inventory:

Hand Weapons
 c - a +0 mace
 s - a +2 short sword of holy wrath (weapon)
 v - a +2 dagger of venom
 w - a +1 sling of flaming
Missiles
 p - a throwing net
 u - 3 boomerangs of dispersal
 G - 6 stones
 H - 3 boomerangs
Armour
 C - a +0 hat (worn)
Jewellery
 l - a +6 ring of intelligence (left hand)
 n - an amulet of the acrobat (around neck)
 q - a +4 ring of evasion
 t - a +6 ring of strength (right hand)
 y - an amulet of magic regeneration
 D - a +6 ring of strength
Scrolls
 d - a scroll of enchant weapon {unknown}
 f - a scroll of silence {unknown}
 i - a scroll of fear {unknown}
 j - 2 scrolls of immolation
 k - 2 scrolls of blinking {unknown}
 o - 2 scrolls of vulnerability {unknown}
 B - a scroll of teleportation {unknown}
 E - a scroll of fog {unknown}
 I - a scroll of magic mapping {unknown}
 J - a scroll of summoning {unknown}
Potions
 a - a potion of magic
 b - 2 potions of curing
 e - a potion of berserk rage
 g - a potion of degeneration {unknown}
 h - a potion of brilliance {unknown}
 m - 2 potions of lignification
 x - a potion of flight {unknown}
 z - a potion of haste {unknown}
 A - a potion of might
 F - a potion of mutation


   Skills:
 - Level 4.0 Fighting
 - Level 4.0 Ranged Weapons
 + Level 3.9 Dodging
 - Level 1.7 Stealth
 - Level 6.0 Spellcasting
 + Level 8.5 Conjurations
 + Level 2.4 Summonings


You had 14 spell levels left.
You knew the following spells:

 Your Spells              Type           Power      Damage    Failure   Level
a - Magic Dart            Conj           100%       1d8       1%          1
b - Searing Ray           Conj           100%       2d8       1%          2
c - Call Canine Familiar  Summ           20%        N/A       8%          3

Your spell library contained the following spells:

 Spells                   Type           Power      Damage    Failure   Level
 Static Discharge         Conj/Air       29%        3-7/arc   1%          2
 Summon Small Mammal      Summ           80%        N/A       2%          1
 Dazzling Flash           Conj/Hex       58%        N/A       3%          3
 Fulminant Prism          Conj/Hex       14%        3d9       12%         4
 Iskenderun's Mystic Bla  Conj/Tloc      29%        2d7       12%         4
 Summon Guardian Golem    Hex/Summ       14%        N/A       13%         3
 Portal Projectile        Hex/Tloc       14%        N/A       21%         3
 Leda's Liquefaction      Hex/Erth       3%         N/A       56%         4
 Borgnjor's Vile Clutch   Necr/Erth      3%         N/A       88%         5
 Haunt                    Necr/Summ      7%         N/A       100%        7


Dungeon Overview and Level Annotations

Branches:
Dungeon (6/15)             Temple (1/1) D:6

Altars:
Cheibriados
Dithmenos
Fedhas
Gozag
Makhleb
Nemelex Xobeh
Okawaru
Qazlal
Ru
Sif Muna
Trog
Vehumet
Wu Jian
Xom
Yredelemnul
Zin
The Shining One


Innate Abilities, Weirdness & Mutations

Your dull iron-grey scales are very hard. (AC +12)
You are amphibious.
You cannot fit into any form of body armour.
You are cold-blooded and may be slowed by cold attacks.


Message History

The wight attacks as you move away! The wight misses you.
The wight attacks as you move away! The wight closely misses you.
The wight completely misses you.
You barely miss the wight.
The wight is almost destroyed.
The wight closely misses you.
The wight hits you with a +4 morningstar of freezing!
* * * LOW HITPOINT WARNING * * *
You feel drained.
* * * LOW HITPOINT WARNING * * *
You feel as though you will be slow longer.
The wight freezes you.
* * * LOW HITPOINT WARNING * * *
You feel better. The wight misses you. The wight closely misses you.
You feel yourself speed up. The wight completely misses you.
The wight attacks as you move away! The wight misses you.
The wight attacks as you move away! The wight completely misses you.
The wight attacks as you move away! The wight completely misses you.
The wight attacks as you move away! The wight barely misses you.
The wight attacks as you move away! The wight misses you.
The wight attacks as you move away! The wight completely misses you.
The wight attacks as you move away! The wight completely misses you.
The wight's inner flame fades away.
The wight attacks as you move away! The wight barely misses you.
The wight attacks as you move away! The wight completely misses you.
The wight attacks as you move away!
The wight hits you with a +4 morningstar of freezing!
* * * LOW HITPOINT WARNING * * *
You feel yourself slow down. The wight freezes you.
* * * LOW HITPOINT WARNING * * *
The wight attacks as you move away! The wight closely misses you.
You feel yourself speed up.
The wight hits you with a +4 morningstar of freezing.
* * * LOW HITPOINT WARNING * * *
You feel drained.
* * * LOW HITPOINT WARNING * * *
You feel yourself slow down. The wight freezes you.
You die...

~~##### #.###.#.# ~~~~~.#####
#.#...#.# #####.....# #.....#.#
#.####.# #.....#.###### ######
#.# #.....#......# #~~~#####.#
#.....#......# ~~~~~~~~###
#.....#......##
~#####~~~~#########.....#........
####.###~~~~#...@z......#........
~#.....##~....######...##........
##.#+#.#...#........#######......
#.....#..<#.#......#♣.♣.♣#......
#>....#...#.#.####.#..♣♣.#......
#.....#...#.#.# #.#♣.♣.♣#......
##.....#...#.#.####.#♣♣..♣#......
.......#..)#.#....'.###'###..>..)
###....#...#.######......########


You could see a wight.

Vanquished Creatures
  A steam dragon (D:6)
  Duvessa (D:4)
  2 ice beasts
  2 black bears
  A centaur (D:4)
  3 ogres
  2 phantoms
  A necrophage (D:5)
  A scorpion (D:5)
  6 wights (D:6)
  Dowan (D:4)
  6 hounds
  4 orc priests
  A jelly (D:5)
  2 iguanas
  6 orc wizards
  Robin (D:4)
  6 adders
  6 gnolls
  A white imp (D:6)
  5 worms
  3 dart slugs
  21 orcs
  10 ball pythons
  8 endoplasms
  3 giant cockroaches
  25 goblins
  8 hobgoblins
  4 quokkas
  8 bats
  2 frilled lizards
  10 kobolds
  7 rats
168 creatures vanquished.

Notes
Turn   | Place    | Note
-------+----------+-------------------------------------------
     0 | D:1      | jamesp the Draconian Conjurer began the quest for the Orb.
     0 | D:1      | Reached XP level 1. HP: 14/14 MP: 3/3
   313 | D:1      | Reached XP level 2. HP: 20/20 MP: 0/5
   731 | D:1      | Found a faded altar of an unknown god.
   817 | D:1      | Reached XP level 3. HP: 21/26 MP: 6/6
  1804 | D:2      | You fall into a shaft and drop 1 floor!
  1827 | D:2      | Got the Vellum of Weather and Left-Handed Mysteries
  1982 | D:2      | Found a burning altar of Makhleb.
  2095 | D:2      | Reached XP level 4. HP: 33/33 MP: 6/8
  3398 | D:3      | Reached XP level 5. HP: 39/39 MP: 6/9
  3512 | D:3      | Reached skill level 1 in Fighting
  3512 | D:3      | Reached skill level 5 in Conjurations
  3704 | D:2      | Learned a level 2 spell: Searing Ray
  3992 | D:4      | Noticed Duvessa
  3992 | D:4      | Noticed Dowan
  4258 | D:4      | Noticed a black bear
  4273 | D:4      | Killed a black bear
  4274 | D:4      | Reached XP level 6. HP: 48/48 MP: 2/11
  4384 | D:5      | Entered Level 5 of the Dungeon
  5416 | D:4      | Noticed Robin
  5953 | D:4      | Killed Robin
  6335 | D:4      | Killed Duvessa
  6336 | D:4      | Your scales start taking on a dull iron-grey colour.
  6336 | D:4      | Reached XP level 7. HP: 27/57 MP: 4/13
  6343 | D:4      | Killed Dowan
  6344 | D:4      | Reached skill level 6 in Conjurations
  6989 | D:4      | Reached skill level 5 in Spellcasting
  7156 | D:5      | Reached skill level 1 in Ranged Weapons
  7309 | D:5      | Reached XP level 8. HP: 51/66 MP: 10/16
  7421 | D:5      | Learned a level 3 spell: Call Canine Familiar
  7559 | D:5      | Found a glowing golden altar of the Shining One.
  7894 | D:5      | Reached skill level 7 in Conjurations
  8528 | D:6      | Found a sacrificial altar of Ru.
  8906 | D:5      | Reached skill level 8 in Conjurations
  9174 | D:6      | Found a stormy altar of Qazlal.
  9202 | D:6      | Reached skill level 1 in Summonings
  9350 | D:6      | Found a staircase to the Ecumenical Temple.
  9359 | D:6      | Reached XP level 9. HP: 71/71 MP: 13/18
  9428 | Temple   | Entered the Ecumenical Temple
  9712 | Temple   | Became a worshipper of Vehumet
 10178 | D:6      | HP: 2/65 [wight/+4 morningstar of freezing (2)]
 10178 | D:6      | Slain by a wight

Illustrated notes

Levels and vault maps discovered:
D:1:      dpeg_arrival_morbid_curiosity, layout_loops_ring,
          basic_ecumenical_altar
D:2:      layout_loops_cross, basic_altar
D:3:      layout_loops_ring, minmay_misc_feat_cross,
          minmay_fractal_squares_diagonal_5
D:4:      layout_cave_pools, uniq_duvessa, uniq_robin
D:5:      layout_rooms, nicolae_tso_carved_into_rock, minivault_23,
          kennysheep_generic_room_14
D:6:      layout_basic, grunt_qazlal_clouds, old_standard_altar,
          minmay_temple_entry_enclosed_plants, serial_rivers,
          chequers_serial_rivers_micro_c, chequers_serial_rivers_micro_a,
          chequers_serial_rivers_micro_b, chequers_serial_rivers_large_b,
          chequers_serial_rivers_marsh, chequers_arboretum
Temple:   minmay_temple_curvy_branch

Skill      XL: |  1  2  3  4  5  6  7  8  9 |
---------------+----------------------------+-----
Dodging        | 2 3 |  3.9
Spellcasting   | 3 4 5 6 |  6.0
Fighting       | 2 3 4 |  4.0
Conjurations   | 5 6 8 |  8.5
Ranged Weapons | 1 4 |  4.0
Summonings     | 1 2 |  2.4
Stealth        | |  1.7

Action                   |  1- 3 |  4- 6 |  7- 9 || total
-------------------------+-------+-------+-------++-------
Melee: Mace              |    24 |    21 |       ||    45
       Tailslap          |       |     8 |    21 ||    29
       Short sword       |       |    66 |   201 ||   267
       Punch             |       |     1 |     1 ||     2
 Cast: Magic Dart        |    73 |   154 |    77 ||   304
       Searing Ray       |       |     9 |    16 ||    25
  Use: Scroll            |       |     3 |     4 ||     7
       Potion            |       |       |     4 ||     4
 Stab: Sleeping          |     2 |     1 |     2 ||     5
Armor: Skin              |     8 |    34 |   107 ||   149
Dodge: Dodged            |    17 |   135 |   156 ||   308
